 Dungeon Crawl Stone Soup version 0.27.1-33-g824d729ab1 (webtiles) character file.

Game seed: 8994725753581354506

271 Garessta the Jinx (level 6, -2/41 HPs)
             Began as a Vampire Enchanter on Dec 11, 2021.
             Shot with an arrow by a centaur (9 damage)
             ... on level 4 of the Dungeon.
             The game lasted 00:11:52 (4148 turns).

Garessta the Jinx (Vampire Enchanter)               Turns: 4148, Time: 00:11:53

Health: -2/41      AC:  3    Str:  7    XL:     6   Next: 2%
Magic:  9/9        EV: 12    Int: 19    God:
Gold:   110        SH:  0    Dex: 15    Spells: 1/9 levels left

rFire    . . .     SeeInvis +   a - +1 dagger (vorpal)
rCold    . . .     Faith    .   (no shield)
rNeg     . . .     Spirit   .   c - +0 robe {Will+}
rPois    .         Reflect  .   (no helmet)
rElec    .         Harm     .   e - scarf {+Inv}
rCorr    .         Rampage  .   j - +0 pair of gloves
Will     +....                  (no boots)
Stlth    +++.......             (no amulet)
HPRegen  0.33/turn              (no ring)
MPRegen  0.11/turn              (no ring)

@: healing quickly
A: alive, fangs 3, see invisible, vampiric 2
a: Exsanguinate, Evoke Invisibility


You were on level 4 of the Dungeon.
You visited 2 branches of the dungeon, and saw 5 of its levels.

You collected 110 gold pieces.

Inventory:

Hand Weapons
 a - a +1 vorpal dagger (weapon)
Armour
 c - a +0 robe of willpower (worn)
 e - a scarf of invisibility (worn)
 j - a +0 pair of gloves (worn)
Scrolls
 d - a scroll of magic mapping
 f - a scroll of blinking
Potions
 b - a potion of ambrosia {unknown}
 g - a potion of berserk rage {unknown}
 h - a potion of curing


   Skills:
 - Level 1.1 Short Blades
 - Level 2.1 Dodging
 + Level 6.9 Stealth
 - Level 2.0 Spellcasting
 * Level 8.4 Hexes
 + Level 0.0 Translocations


You had one spell level left.
You knew the following spells:

 Your Spells              Type           Power      Damage    Failure   Level
a - Corona                Hex            37%        N/A       1%          1
b - Ensorcelled Hibernat  Hex/Ice        34%        N/A       4%          2
c - Confusing Touch       Hex            34%        N/A       1%          3
d - Blink                 Tloc           N/A        N/A       26%         2

Your spell library contained the following spells:

 Spells                   Type           Power      Damage    Failure   Level
 Tukima's Dance           Hex            34%        N/A       1%          3
 Dazzling Flash           Conj/Hex       34%        N/A       9%          3
 Lesser Beckoning         Tloc           1%         N/A       45%         3
 Silence                  Hex/Air        8%         N/A       63%         5
 Agony                    Necr           1%         N/A       99%         5
 Fireball                 Conj/Fire      0%         3d3       99%         5
 Manifold Assault         Tloc           2%         N/A       99%         5
 Starburst                Conj/Fire      0%         6d3       100%        6
 Ignition                 Fire           0%         3d3       100%        8


Dungeon Overview and Level Annotations

Branches:
Dungeon (4/15)             Temple (1/1) D:4

Altars:
Ashenzari
Fedhas
Gozag
Makhleb
Nemelex Xobeh
Qazlal
Sif Muna
Vehumet
Wu Jian
Yredelemnul
Zin
The Shining One

Annotations:
D:3 Robin, Sigmund


Innate Abilities, Weirdness & Mutations

Your natural rate of healing is accelerated.
You have razor-sharp teeth.
You have supernaturally acute eyesight. (SInv)
You are afflicted with vampirism and can become a bat while bloodless.


Message History

There is a shimmering blue altar of Sif Muna here.
There is a glowing golden altar of the Shining One here.
There is a glowing silver altar of Zin here.
There is a blossoming altar of Fedhas here.
There is a staircase back to the Dungeon here.
You climb upwards.
Welcome back to the Dungeon!
There is a staircase to the Ecumenical Temple here.
As you read the scroll labelled NEXALOT HOLY, it crumbles to dust.
Magic quickly surges around you.
It was a scroll of vulnerability.
Okay, then.
A goblin comes into view. It is wielding a +0 dagger.
A centaur comes into view.
The goblin shouts!
The centaur shouts!
You hear a shout!
You hear an angry hiss.
The centaur wields a +0 shortbow.
The centaur shoots an arrow.
The arrow hits you.
A centaur comes into view.
You hear a shout!
The centaur wields a +0 shortbow.
The centaur shoots an arrow.
The arrow misses you.
The centaur shoots an arrow.
The arrow closely misses you.
The centaur shoots an arrow.
The arrow hits you!
You hear an angry hiss.
There is a staircase to the Ecumenical Temple here.
You climb downwards.
Welcome back to the Ecumenical Temple!
There is a staircase back to the Dungeon here.
You start resting.
You feel your willpower return.
You start resting.
HP restored.
You climb upwards.
Welcome back to the Dungeon!
The centaur shoots an arrow.
The arrow closely misses you.
The centaur shoots an arrow.
The arrow hits you!
The centaur shoots an arrow.
The arrow hits you.
The centaur shoots an arrow.
The arrow hits you.
The centaur shoots an arrow.
The arrow hits you!
* * * LOW HITPOINT WARNING * * *
There is a staircase to the Ecumenical Temple, spattered with blood here.
The ball python hisses angrily.
The centaur shoots an arrow.
The arrow closely misses you.
The centaur shoots an arrow.
The arrow hits you!
You die...

..###.....J.....#
.................
................ .. #<
.##.....#........ #.###..#.
.................
...#...#.#.##..............
..........###.#.8.#........
......#...........g.##
#.....#.......8.@.8..#
#(...>.##............#
#†.#..###.....#.8.#c..c...#
#..#...##........##.##..#.cc
....#...)..S........# ..#
..######..###..##..... ..#
....# #..# #......##.##...
....#.#...# ........# . ...#
....................# ...


You could see 2 centaurs, a goblin and a ball python.

Vanquished Creatures
  A scorpion (D:3)
  Crazy Yiuf (D:3)
  2 orc priests (D:3)
  An orc wizard (D:3)
  An adder (D:3)
  2 worms
  A dart slug (D:2)
  6 orcs
  6 ball pythons
  5 endoplasms
  2 giant cockroaches (D:3)
  13 goblins
  14 hobgoblins
  5 kobolds
  2 quokkas
  5 bats
  2 frilled lizards
  9 rats
78 creatures vanquished.

Notes
Turn   | Place    | Note
-------+----------+-------------------------------------------
     0 | D:1      | Garessta the Vampire Enchanter began the quest for the Orb.
     0 | D:1      | Reached XP level 1. HP: 13/13 MP: 3/3
   183 | D:1      | Reached skill level 5 in Hexes
   186 | D:1      | Reached XP level 2. HP: 19/19 MP: 5/5
   189 | D:1      | Learned a level 2 spell: Ensorcelled Hibernation
   691 | D:1      | Reached skill level 5 in Stealth
   999 | D:2      | Gained mutation: You are afflicted with vampirism and can
                  | become a bat while bloodless. [Vampire growth]
   999 | D:2      | Reached XP level 3. HP: 24/24 MP: 6/6
  1006 | D:2      | Learned a level 3 spell: Confusing Touch
  1376 | D:2      | Reached skill level 6 in Hexes
  1802 | D:3      | Noticed Sigmund
  1847 | D:3      | Found a faded altar of an unknown god.
  2296 | D:3      | Noticed a scorpion
  2299 | D:3      | Killed a scorpion
  2300 | D:3      | Reached skill level 7 in Hexes
  2300 | D:3      | Reached XP level 4. HP: 30/30 MP: 7/7
  2459 | D:3      | Found a runed translucent door.
  2460 | D:3      | Noticed Crazy Yiuf
  2574 | D:3      | Reached XP level 5. HP: 15/35 MP: 1/8
  2918 | D:3      | Noticed Robin
  3150 | D:3      | Reached skill level 8 in Hexes
  3512 | D:3      | Killed Crazy Yiuf
  3658 | D:4      | Learned a level 2 spell: Blink
  3691 | D:4      | Reached XP level 6. HP: 38/41 MP: 7/9
  3765 | D:4      | Found a staircase to the Ecumenical Temple.
  3807 | Temple   | Entered the Ecumenical Temple
  4148 | D:4      | Shot with an arrow by a centaur

Illustrated notes

Levels and vault maps discovered:
D:1:      matt_arrival_spirals, layout_rooms, minmay_misc_feat_nine_boxes,
          minmay_misc_feat_square, hangedman_abyss_or_decor_stabs,
          hangedman_decor_diamond_cutter
D:2:      layout_loops_ring, serial_bayou_ford_a
D:3:      layout_loops_ring, chequers_ecumenical_altar_island,
          grunt_ministairs_11, kennysheep_generic_room_15,
          uniq_crazy_yiuf_cottage, uniq_sigmund, uniq_robin
D:4:      layout_cave_pools, minmay_temple_entry_statues_pillars, st_stairs_7,
          minmay_manual_mares
Temple:   minmay_temple_bridge_abc

Skill      XL: |  1  2  3  4  5 |
---------------+----------------+-----
Hexes          | 5 7 8 |  8.4
Stealth        | 5 6 |  6.9
Short Blades   | |  1.1
Dodging        | |  2.1
Spellcasting   | |  2.0

Action                   |  1- 3 |  4- 6 || total
-------------------------+-------+-------++-------
Melee: Dagger            |    95 |    67 ||   162
       Bite              |     2 |     5 ||     7
 Cast: Corona            |     2 |     1 ||     3
       Ensorcelled Hiber |    33 |    23 ||    56
  Use: Scroll            |     6 |     1 ||     7
 Stab: Sleeping          |    38 |    19 ||    57
Armor: Robe              |     6 |     4 ||    10
Dodge: Dodged            |    47 |    36 ||    83
